AoeStats
← BlackOwl

Arabia

513331670Analyzed
3v3 RM · 7d ago on Oct 13, 2026· 58m 7s· 6 players
Game mode
Random Map
Map size
Normal (6 player)
Population
200
Speed
Normal
Resources
Standard
Victory
Conquest
Starting age
Dark Age
Ending age
Imperial Age
RankedLock teamsTeams togetherTeam positionsShared explorationLock speedFull tech treeHidden civsTurbo modeCheats
Victory
Defeat
🇵🇪 Mongols · Peru
1160
+9
🇵🇪 Turks · Peru
1043
+14
🇵🇪 Magyars · Peru
1010
+15
vs
🇲🇽 Varangians · Mexico
1028
-14
🇲🇽 Koreans · Mexico
1013
-13
🇲🇽 Spanish · Mexico
949
-11
rodrigg2003
6:26 Loom
9:36 Feudal Age
24:13 Wheelbarrow
29:33 Double-Bit Axe
29:53 Horse Collar
34:10 Castle Age
32:26 Gold Mining
35:19 Hand Cart
41:01 Imperial Age
39:32 Fletching
43:28 Scale Mail Armor
44:04 Pikeman
46:59 Chain Mail Armor
50:02 Forging
52:18 Plate Mail Armor
52:24 Iron Casting
51:59 Bodkin Arrow
52:23 Elite Skirmisher
Marcotangaloca
9:31 Feudal Age
9:57 Loom
10:03 Double-Bit Axe
21:01 Castle Age
19:29 Fletching
19:39 Horse Collar
21:09 Stone Mining
22:05 Bow Saw
21:57 Heavy Plow
21:51 Crossbowman
25:11 Gold Mining
27:35 Wheelbarrow
27:19 Bodkin Arrow
29:45 Hand Cart
30:15 Stone Shaft Mining
35:40 Imperial Age
37:44 Two-Man Saw
39:09 Chemistry
39:01 Capped Ram
40:50 Crop Rotation
39:59 Siege Ram
41:12 Elite Jarl
41:57 Bracer
41:58 Padded Archer Armor
44:32 Ballistics
44:25 Forging
45:39 Scale Barding Armor
46:10 Iron Casting
45:48 Treadmill Crane
45:38 Cavalier
46:20 Husbandry
47:19 Caravan
47:16 Elite Skirmisher
49:08 Gothikon
52:17 Chain Barding Armor
52:12 Leather Archer Armor
53:03 Heavy Mounted Crossbowman
53:04 Cranequins
BlackOwl
5:25 Loom
11:18 Feudal Age
15:44 Bloodlines
16:38 Double-Bit Axe
22:11 Castle Age
22:44 Horse Collar
22:56 Gold Mining
23:35 Fletching
23:52 Husbandry
28:42 Forging
28:37 Scale Barding Armor
32:37 Wheelbarrow
32:27 Bodkin Arrow
34:47 Iron Casting
34:58 Hand Cart
35:18 Town Watch
38:02 Stone Mining
39:06 Scale Barding Armor
42:27 Imperial Age
42:34 Imperial Age
44:07 Conscription
43:08 Elite Conquistador
43:13 Cavalier
47:29 Blast Furnace
46:49 Chain Barding Armor
46:55 Chain Barding Armor
48:43 Heavy Plow
50:32 Town Patrol
51:33 Paladin
ferqr_91
5:45 Loom
6:10 Loom
8:28 Feudal Age
9:29 Double-Bit Axe
19:51 Castle Age
17:46 Horse Collar
19:00 Forging
18:55 Scale Barding Armor
19:38 Bloodlines
19:44 Gold Mining
20:35 Husbandry
24:06 Iron Casting
27:14 Fletching
27:44 Padded Archer Armor
28:34 Bodkin Arrow
28:55 Leather Archer Armor
28:27 Elite Skirmisher
33:00 Wheelbarrow
38:40 Imperial Age
37:04 Chain Barding Armor
38:27 Bow Saw
39:36 Bracer
40:53 Thumb Ring
44:36 Ballistics
45:16 Chemistry
44:23 Town Watch
44:54 Hand Cart
44:39 Elite Mangudai
47:05 Gold Shaft Mining
48:17 Conscription
49:27 Elite Steppe Lancer
59:43 Blast Furnace
dfsevillanom
9:44 Loom
11:45 Feudal Age
17:46 Castle Age
16:00 Double-Bit Axe
19:10 Fletching
28:53 Scale Barding Armor
30:30 Horse Collar
32:31 Wheelbarrow
33:11 Pikeman
34:24 Chain Barding Armor
35:01 Bow Saw
35:37 Bloodlines
35:29 Husbandry
40:50 Imperial Age
42:01 Corvinian Army
41:21 Elite Magyar Huszar
42:23 Conscription
44:15 Plate Barding Armor
46:23 Chemistry
45:44 Ballistics
45:29 Siege Engineers
47:03 Heavy Cavalry Archer
48:09 Parthian Tactics
47:50 Thumb Ring
49:35 Recurve Bow
50:51 Bodkin Arrow
53:06 Caravan
54:45 Bracer
57:11 Padded Archer Armor
Mister Carlitos
10:18 Feudal Age
10:29 Man-at-Arms
17:07 Wheelbarrow
16:20 Double-Bit Axe
17:41 Gold Mining
18:17 Loom
24:18 Castle Age
31:54 Ballistics
33:01 Bloodlines
34:08 Padded Archer Armor
38:32 Imperial Age
37:49 Gold Shaft Mining
37:04 Stone Mining
38:45 Bow Saw
39:21 Elite Janissary
44:00 Conscription
45:29 Leather Archer Armor
50:38 Scale Barding Armor
52:51 Chain Barding Armor
53:21 Husbandry
58:11 Ring Archer Armor
58:16 Plate Barding Armor
Connection lost

Rejoining the realm…

Still unreachable

The connection could not be restored.

Session expired

The server has moved on; the page needs a fresh start.